 Dungeon Crawl Stone Soup version 0.22-a0-601-gb0ed703ee0 (webtiles) character file.

23 LordofOblivion the Skirmisher (level 2, 27/27 HPs)
             Began as a Draconian Berserker on July 6, 2018.
             Was a Follower of Trog.
             Quit the game on level 1 of the Dungeon.
             The game lasted 00:19:24 (1634 turns).

LordofOblivion the Skirmisher (Draconian Berserker) Turns: 1634, Time: 00:19:24

Health: 27/27      AC:  4    Str: 19    XL:     2   Next: 72%
Magic:  2/2        EV: 13    Int:  7    God:    Trog [*.....]
Gold:   72         SH:  0    Dex: 10    Spells: 1/1 levels left

rFire    + . .     SeeInvis .   a - +0 hand axe
rCold    . . .     Gourm    +   (no shield)
rNeg     . . .     Faith    .   (armour unavailable)
rPois    .         Spirit   .   (helmet restricted)
rElec    .         Reflect  .   (no cloak)
rCorr    .         Harm     .   (no gloves)
MR       .....                  (no boots)
Stlth    +.........             i - amulet of the gourmand
HPRegen  0.09/turn              f - ring of protection from fire
MPRegen  0.08/turn              (no ring)

@: no status effects
A: unfitting armour, cold-blooded, AC +4
a: Berserk, Renounce Religion


You were on level 1 of the Dungeon.
You worshipped Trog.
Trog was aware of your devotion.
You were hungry.

You visited 1 branch of the dungeon, and saw 1 of its levels.

You collected 72 gold pieces.

Inventory:

Hand Weapons
 a - a +0 hand axe (weapon)
 c - a +0 whip
Missiles
 j - 25 sling bullets
 k - 47 stones (quivered)
Armour
 g - a cursed +0 leather armour
Jewellery
 f - a ring of protection from fire (left hand)
 i - an amulet of the gourmand (around neck)
Scrolls
 l - a scroll of fear {unknown}
Potions
 d - a potion of resistance {unknown}
 e - a potion of cancellation {unknown}
 h - a potion of berserk rage {unknown}
Comestibles
 b - 5 rations


   Skills:
 + Level 3.7 Fighting
 + Level 3.1 Axes
 * Level 3.2 Dodging


You had one spell level left.
You didn't know any spells.
Your spell library was empty.

Dungeon Overview and Level Annotations

Branches:
Dungeon (1/15)

Altars:


Innate Abilities, Weirdness & Mutations

Your plain brown scales are hard. (AC +4)
You cannot fit into any form of body armour.
You are cold-blooded and may be slowed by cold attacks.


Message History

There is a stone staircase leading down here.
Unknown command.
There is a stone staircase leading down here.
There is a stone staircase leading down here.
There is a stone staircase leading down here.
Enter note: Unknown command.
Enter note:
There is a stone staircase leading down here.
There is a stone staircase leading down here.
Your library has no spells.
There is a stone staircase leading down here.
Unknown command.
Unknown command.
Unknown command.
Unknown command.
Welcome back, LordofOblivion the Draconian Berserker.
Trog says: Kill them all!
Press ? for a list of commands and other information.
Are you sure you want to abandon this character and quit the game? (Confirm with "yes".)

.# ##'## ###.# .#
##...##########.## .#
##.....##...).....#
.###.......#.####.#..#
.##..........###..>..#
..'..................#
.##..........###...#.#
.###.......#.###..##.#
.# ##.....##....@....#
.# ##...#######.#####
.# ##+## #.# .######.#
#.# ###...#.# #.#
##.#...## #.#
#.......## #.#
#.#......######.#
#.#.#...........#


There were no monsters in sight!

Vanquished Creatures
  A dart slug (D:1)
  A leopard gecko (D:1)
  5 hobgoblins (D:1)
  A bat (D:1)
  3 frilled lizards (D:1)
  2 goblins (D:1)
  2 kobolds (D:1)
  7 rats (D:1)
22 creatures vanquished.

Notes
Turn   | Place    | Note
-------+----------+-------------------------------------------
     0 | D:1      | LordofOblivion the Draconian Berserker began the quest for the Orb.
     0 | D:1      | Reached XP level 1. HP: 19/19 MP: 1/1
   592 | D:1      | Reached XP level 2. HP: 22/26 MP: 2/2
  1634 | D:1      | Quit the game

Vault maps used:
D:1:      mainiacjoe_arrival_reflecting_pool, minmay_misc_feat_iff

Skill      XL: |  1 |
---------------+----+-----
Dodging        | 3 |  3.2
Fighting       | |  3.7
Axes           | |  3.1

Action                   || total
-------------------------++-------
Melee: Hand axe          ||    40
       Tailslap          ||     4
  Use: Scroll            ||     1
  Eat: Chunk             ||     2
Armor: Skin              ||     7
Dodge: Dodged            ||    24

Table legend:
 A = Spawn XP
 B = Non-spawn XP
 C = Spawn XP percentage of total XP
 D = Spawn monster count
 E = Non-spawn monster count
 F = Spawn count percentage of total count
 G = Total turns spent on level
                    A         B        C        D         E        F      G
               +---------+---------+-------+---------+---------+-------+---------
         Total |       0 |      33 |   0.0 |       0 |      22 |   0.0 |  1634
               +---------+---------+-------+---------+---------+-------+---------
           D:1 |       0 |      33 |   0.0 |       0 |      22 |   0.0 |  1634
               +---------+---------+-------+---------+---------+-------+---------
